AoeStats
← jphilkill

Nomad

510255066Analyzed
4v4 RM · 2d ago on Sep 30, 2026· 59m 14s· 8 players
Game mode
Random Map
Map size
231×231
Population
200
Speed
Normal
Resources
Standard
Victory
Conquest
Starting age
Dark Age
Ending age
Imperial Age
RankedLock teamsTeams togetherTeam positionsShared explorationLock speedFull tech treeHidden civsTurbo modeCheats
Victory
Defeat
🇨🇦 Spanish · Canada
964
+13
🇩🇪 Huns · Germany
953
+14
🇷🇺 Celts · Russia
947
+14
🇨🇦 Japanese · Canada
921
+16
🇨🇴 Varangians · Colombia
929
-15
🇨🇴 Vikings · Colombia
923
-15
🇵🇦 Varangians · Panama
905
-14
🇨🇴 Poles · Colombia
874
-13
RAVILKA_BIG
6:44 Loom
16:25 Feudal Age
17:20 Double-Bit Axe
17:17 Fishing Lines
18:50 Wheelbarrow
18:38 Man-at-Arms
20:37 Gold Mining
21:10 Town Watch
21:15 Arson
21:34 Scale Mail Armor
21:45 Forging
21:38 Horse Collar
26:23 Castle Age
27:07 Stone Mining
27:52 Gold Shaft Mining
27:31 Bow Saw
26:53 Long Swordsman
27:20 Gambesons
28:08 Heavy Plow
31:36 Iron Casting
32:01 Chain Mail Armor
35:02 Hand Cart
40:14 Stone Shaft Mining
43:15 Imperial Age
41:30 Town Patrol
43:24 Two-Handed Swordsman
44:36 Plate Mail Armor
45:14 Blast Furnace
45:12 Conscription
44:22 Champion
46:56 Elite Woad Raider
49:02 Heavy Mounted Crossbowman
51:34 Scale Barding Armor
51:32 Padded Archer Armor
51:22 Fletching
57:02 Heavy Scorpion
58:04 Ballistics
58:45 Chemistry
57:43 Murder Holes
jphilkill
4:05 Loom
16:48 Feudal Age
18:42 Wheelbarrow
18:58 Gold Mining
18:56 Double-Bit Axe
22:50 Castle Age
24:38 Stone Mining
25:30 Medium Warships
29:16 Hand Cart
35:29 Bloodlines
35:21 Husbandry
36:10 Gold Shaft Mining
35:43 Scale Barding Armor
35:49 Forging
35:40 Scale Mail Armor
35:30 Fletching
37:30 Chain Barding Armor
37:34 Bow Saw
37:20 Horse Collar
39:41 Iron Casting
45:15 Heavy Plow
46:10 Town Watch
48:57 Imperial Age
47:04 Fishing Lines
48:26 Marauders
48:43 Chain Mail Armor
48:28 Padded Archer Armor
48:24 Bodkin Arrow
50:03 Conscription
49:25 Capped Ram
50:42 Plate Barding Armor
50:47 Cavalier
51:14 Siege Ram
52:46 Gillnets
54:26 Blast Furnace
52:50 Paladin
54:13 Elite Tarkan
56:09 Chemistry
55:29 Ballistics
56:20 Parthian Tactics
57:30 Thumb Ring
59:32 Bracer
59:47 Leather Archer Armor
614Superdry
13:46 Loom
17:01 Feudal Age
17:41 Fishing Lines
19:04 Double-Bit Axe
23:45 Castle Age
22:46 Stone Mining
22:48 Gold Mining
23:53 Bloodlines
27:36 Wheelbarrow
29:48 Bow Saw
29:30 Gillnets
31:17 Stone Shaft Mining
34:28 Fletching
35:47 Bodkin Arrow
35:53 Husbandry
40:29 Imperial Age
40:21 Padded Archer Armor
41:22 Leather Archer Armor
41:33 Conscription
42:59 Chemistry
42:19 Ballistics
46:24 Elite Conquistador
47:11 Bracer
47:41 Ring Archer Armor
50:47 Forging
50:42 Scale Barding Armor
52:01 Light Cavalry
53:20 Iron Casting
53:05 Chain Barding Armor
54:01 Hussar
SHARP99
5:26 Loom
13:37 Feudal Age
14:12 Man-at-Arms
15:28 Horse Collar
20:42 Forging
24:19 Castle Age
23:24 Double-Bit Axe
23:41 Gold Mining
24:43 Scale Mail Armor
55:16 Bow Saw
Andresvq7
4:52 Loom
17:19 Feudal Age
17:27 Man-at-Arms
22:13 Wheelbarrow
22:35 Forging
28:40 Double-Bit Axe
29:00 Scale Mail Armor
nacho.joyita
11:06 Loom
16:02 Feudal Age
19:14 Wheelbarrow
18:33 Double-Bit Axe
20:30 Bloodlines
25:14 Castle Age
23:34 Padded Archer Armor
25:24 Gold Mining
25:28 Stone Mining
27:59 Fletching
29:43 Bow Saw
36:14 Town Watch
39:12 Hand Cart
38:58 Town Patrol
42:09 Ballistics
41:46 Murder Holes
45:25 Leather Archer Armor
45:08 Bodkin Arrow
51:26 Scale Barding Armor
53:56 Imperial Age
53:05 Scale Barding Armor
53:11 Forging
54:30 Chain Barding Armor
54:29 Husbandry
55:12 Conscription
54:59 Bracer
57:16 Chemistry
55:47 Cranequins
56:12 Heavy Mounted Crossbowman
Salvatoremancuso
14:30 Feudal Age
15:08 Double-Bit Axe
17:26 Fishing Lines
20:41 Castle Age
22:11 Gold Mining
28:14 Imperial Age
25:33 Loom
26:00 Squires
27:48 Pikeman
28:14 Arson
33:19 Horse Collar
35:00 Forging
37:00 Iron Casting
36:26 Scale Mail Armor
39:22 Blast Furnace
39:26 Heavy Plow
39:58 Chieftains
43:41 Elite Berserk
45:51 Chain Mail Armor
52:18 Bow Saw
52:40 Crop Rotation
53:31 Capped Ram
57:13 Elite Skirmisher
MataLokas4216
6:44 Loom
14:47 Feudal Age
15:50 Double-Bit Axe
15:34 Man-at-Arms
20:11 Forging
20:13 Stone Mining
22:28 Arson
25:09 Fletching
28:44 Castle Age
29:21 Crossbowman
36:26 Elite Skirmisher
41:28 Wheelbarrow
43:10 Horse Collar
46:43 Ballistics
46:55 Murder Holes
46:41 Treadmill Crane
51:34 Padded Archer Armor
51:30 Bodkin Arrow
51:36 Scale Mail Armor
51:41 Scale Barding Armor
52:55 Gold Mining
53:41 Stone Shaft Mining
58:20 Imperial Age
Connection lost

Rejoining the realm…

Still unreachable

The connection could not be restored.

Session expired

The server has moved on; the page needs a fresh start.